 Dungeon Crawl Stone Soup version 0.20-a0-495-g2241292 (webtiles) character file.

18 M4edhros the Grave Robber (level 2, 0/18 HPs)
             Began as an Octopode Necromancer on Jan 19, 2017.
             Slain by a kobold
             ... wielding a +0 whip
              (3 damage)
             ... on level 2 of the Dungeon.
             The game lasted 00:01:29 (263 turns).

M4edhros the Grave Robber (Octopode Necromancer)     Turns: 263, Time: 00:01:29

Health: 0/18       AC:  1    Str:  7    XL:     2   Next: 70%
Magic:  5/5        EV: 13    Int: 17    God:
Gold:   21         SH:  0    Dex: 12    Spells: 4/5 levels left

rFire    . . .     SeeInvis .   d - +2 hunting sling (flame)
rCold    . . .     Gourm    .   (no shield)
rNeg     . . .     Faith    .   (helmet restricted)
rPois    .         Spirit   .   (no amulet)
rElec    .         Reflect  .   (no ring)
rCorr    .         Harm     .   (no ring)
MR       .....                  (no ring)
Stlth    +++.......             (no ring)
Regen    0.1/turn               (no ring)
                                (no ring)
                                (no ring)
                                (no ring)

@: no status effects
A: almost no armour, stealthy swim, amphibious, 8 rings, constrict 8, camouflage
1, gelatinous body 1
a: no special abilities


You were on level 2 of the Dungeon.
You were not hungry.

You visited 1 branch of the dungeon, and saw 2 of its levels.

You collected 21 gold pieces.

Inventory:

Hand Weapons
 d - a +2 hunting sling of flaming (weapon)
 h - a +0 dagger of speed
Missiles
 e - 37 stones (quivered)
Jewellery
 k - an uncursed ring of ice
Scrolls
 c - 2 scrolls of fog {unknown}
 i - a scroll of random uselessness {unknown}
 j - a scroll of teleportation {unknown}
Potions
 f - a potion of cancellation {unknown}
 g - a potion of curing {unknown}
Books
 a - a book of Necromancy

   Spells                             Type                      Level
   a - Pain                           Necromancy                   1
   b - Animate Skeleton               Necromancy                   1
   c - Vampiric Draining              Necromancy                   3
   d - Regeneration                   Charms/Necromancy            3
   e - Animate Dead                   Necromancy                   4
   f - Control Undead                 Necromancy                   4
Comestibles
 b - a bread ration
 l - a beef jerky


   Skills:
 + Level 0.6 Fighting
 * Level 1.0 Slings
 + Level 2.0 Dodging
 - Level 2.6 Stealth
 - Level 1.5 Unarmed Combat
 - Level 2.0 Spellcasting
 - Level 4.0 Necromancy


You had 4 spell levels left.
You knew the following spells:

 Your Spells              Type           Power        Failure   Level  Hunger
a - Pain                  Necr           ###.         3%          1    #......


Dungeon Overview and Level Annotations

Branches:
Dungeon (2/15)

Altars:


Innate Abilities, Weirdness & Mutations

You cannot wear most types of armour.
You are very stealthy in the water. (Stealth+)
You are amphibious.
You can wear up to eight rings at the same time.
You can use your tentacles to constrict eight enemies at once.
Your skin changes colour to match your surroundings (Stealth+).
Your rubbery body absorbs attacks. (AC +1, EV +1)


Message History

Aim: a kobold, wielding a whip You shoot a stone.
The stone closely misses the kobold.
The kobold hits you but does no damage.
Firing (i - inventory):
e - 40 stones (quivered)
Press: ? - help, Shift-Dir - straight line, f/p - kobold
Aim: a kobold, wielding a whip You shoot a stone.
The stone barely misses the kobold.
The kobold hits you with a whip.
Firing (i - inventory):
e - 39 stones (quivered)
Press: ? - help, Shift-Dir - straight line, f/p - kobold
Aim: a kobold, wielding a whip You shoot a stone.
The stone misses the kobold.
The kobold hits you with a whip.
* * * LOW HITPOINT WARNING * * *
Firing (i - inventory):
e - 38 stones (quivered)
Press: ? - help, Shift-Dir - straight line, f/p - kobold
Aim: a kobold, wielding a whip You shoot a stone.
The stone misses the kobold.
The kobold hits you with a whip.
You die...

#########
########.......#
...............+ .
#####.........# ..#####
#......#### .......
#......# ##
.......#####......# ..
(>....K@..........# .#.#
.#................##.#..
#.....##....#+##..#.#..
#..... #.##.# ##.#.#..
#.....# #.##.# #...#..
#..... ..#....####..#..
#...?. ######....##..#..
#..... .##.##..#..
.##.###.#..


You could see a kobold.

Vanquished Creatures
  A worm (D:2)
  A bat (D:1)
  2 giant cockroaches
  4 goblins
  A hobgoblin (D:1)
  2 kobolds
  A quokka (D:2)
  A frilled lizard (D:2)
13 creatures vanquished.

Notes
Turn   | Place    | Note
-------+----------+-------------------------------------------
     0 | D:1      | M4edhros the Octopode Necromancer began the quest for the Orb.
     0 | D:1      | Reached XP level 1. HP: 11/11 MP: 3/3
    59 | D:1      | Reached skill level 1 in Unarmed Combat
    80 | D:1      | Reached XP level 2. HP: 3/17 MP: 0/5
   188 | D:2      | Reached skill level 1 in Slings
   263 | D:2      | Slain by a kobold

Vault maps used:
D:1:      dpeg_arrival_prison, chequers_big_river, serial_bayou_lake_a

Skill      XL: |  1  2 |
---------------+-------+-----
Unarmed Combat | 1 |  1.5
Slings         | 1 |  1.0
Fighting       | |  0.6
Dodging        | |  2.0
Stealth        | |  2.6
Spellcasting   | |  2.0
Necromancy     | |  4.0

Action                   || total
-------------------------++-------
Melee: Unarmed           ||    10
       Constrict         ||     2
       Tentacles         ||     1
 Fire: Hunting sling     ||    18
 Cast: Pain              ||     6
 Stab: Sleeping          ||     1
Dodge: Dodged            ||     5
